 Dungeon Crawl Stone Soup version 0.27-a0-1081-ge8a0a9c698 (webtiles) character file.

Game seed: 3160704354325820171

65555 shoop the Marksdemonspawn (level 14, -8/109 HPs)
             Began as a Demonspawn Hunter on Apr 25, 2021.
             Was a High Priest of Fedhas.
             Killed by an exploding ballistomycete spore (40 damage)
             ... set off by their pet
             ... on level 6 of the Lair of Beasts on Apr 26, 2021.
             The game lasted 01:33:21 (36066 turns).

shoop the Marksdemonspawn (Demonspawn Hunter)      Turns: 36066, Time: 01:33:22

Health: -8/109     AC: 16    Str: 18    XL:     14   Next: 75%
Magic:  25/25      EV: 32    Int: 13    God:    Fedhas [*****.]
Gold:   1933       SH:  0    Dex: 13    Spells: 13/17 levels left

rFire    + . .     SeeInvis .   a - +4 shortbow
rCold    . . .     Faith    .   (shield currently unavailable)
rNeg     . . .     Spirit   .   S - +0 acid dragon scales
rPois    .         Reflect  .   k - +0 helmet
rElec    .         Harm     .   x - +2 cloak
rCorr    +         Rampage  .   K - +1 pair of gloves "Poru" {rF+}
Will     +....                  (boots unavailable)
Stlth    +.........             z - amulet of the acrobat
HPRegen  0.28/turn              H - +4 ring of evasion
MPRegen  0.19/turn              W - +4 ring of slaying

@: confused, acrobatic
A: talons 3, rugged brown scales 2, condensation shield, demonic magic 2
a: Renounce Religion, Wall of Briars, Grow Ballistomycete, Overgrow, Grow Oklob


You were on level 6 of the Lair of Beasts.
You worshipped Fedhas.
Fedhas was extremely pleased with you.
You visited 4 branches of the dungeon, and saw 24 of its levels.
You also visited: Sewer.

You collected 2393 gold pieces.
You spent 460 gold pieces at shops.

Inventory:

Hand Weapons
 a - a +4 shortbow (weapon)
 b - the +11 trident "Yhyk" {vorpal, rElec Dex-3 Stlth+}
   (You took it off a spriggan on level 12 of the Dungeon)

   It inflicts extra damage upon your enemies.
   It affects your dexterity (-3).
   It insulates you from electricity.
   It makes you more stealthy.
 m - a +0 longbow
Missiles
 d - 291 arrows (quivered ammo)
 U - a curare-tipped dart
Armour
 k - a +0 helmet (worn)
 x - a +2 cloak (worn)
 G - a +3 chain mail
 I - a +4 plate armour of fire resistance
 J - a +1 leather armour of poison resistance
 K - the +1 pair of gloves "Poru" (worn) {rF+}
   (You bought it in a shop on level 2 of the Orcish Mines)

   It protects you from fire.
 S - +0 acid dragon scales (worn)
Jewellery
 t - a ring of ice
 z - an amulet of the acrobat (around neck)
 A - a ring of willpower
 E - a ring of poison resistance
 H - a +4 ring of evasion (left hand)
 M - a ring of positive energy
 Q - a ring of resist corrosion
 W - a +4 ring of slaying (right hand)
Wands
 f - a wand of iceblast (10)
 r - a wand of mindburst (9)
 y - a wand of charming (15)
 R - a wand of flame (65)
Scrolls
 c - 2 scrolls of fog {unknown}
 e - 3 scrolls of enchant armour {unknown}
 g - 5 scrolls of fear
 n - 4 scrolls of amnesia
 o - 2 scrolls of summoning {unknown}
 p - 5 scrolls of enchant weapon
 u - a scroll of silence
 v - a scroll of brand weapon
 w - 3 scrolls of teleportation
 C - 3 scrolls of vulnerability {unknown}
 D - a scroll of immolation
 V - 4 scrolls of blinking {unknown}
Potions
 h - 6 potions of might {unknown}
 i - 10 potions of lignification
 j - 2 potions of heal wounds
 l - 2 potions of attraction
 q - 4 potions of haste
 s - 9 potions of brilliance {unknown}
 F - 2 potions of invisibility
 L - 14 potions of curing
 N - a potion of berserk rage
 O - 4 potions of flight {unknown}
 P - a potion of ambrosia
 T - a potion of cancellation
 X - 3 potions of resistance {unknown}
 Y - 4 potions of mutation {unknown}
 Z - 3 potions of magic
Miscellaneous
 B - a condenser vane


   Skills:
 + Level 7.9 Fighting
 * Level 17.3 Bows
 - Level 5.0 Armour
 + Level 4.9 Dodging
 - Level 2.0 Stealth
 - Level 2.0 Spellcasting
 - Level 3.0 Translocations
 - Level 2.0 Transmutations
 - Level 2.0 Earth Magic
 - Level 15.0 Invocations
 - Level 5.0 Evocations


You had 13 spell levels left.
You knew the following spells:

 Your Spells              Type           Power      Damage    Failure   Level
a - Passwall              Tmut/Erth      5%         N/A       22%         2
b - Blink                 Tloc           N/A        N/A       14%         2

Your spell library contained the following spells:

 Spells                   Type           Power      Damage    Failure   Level
 Apportation              Tloc           18%        N/A       10%         1
 Beastly Appendage        Tmut           12%        N/A       14%         1
 Sandblast                Erth           12%        2d6       14%         1
 Wereblood                Tmut           6%         N/A       22%         2
 Gell's Gravitas          Tloc           4%         N/A       28%         3
 Lesser Beckoning         Tloc           4%         N/A       28%         3
 Freeze                   Ice            4%         1d3       32%         1
 Magic Dart               Conj           4%         1d3       32%         1
 Call Imp                 Summ           1%         N/A       43%         2
 Slow                     Hex            1%         N/A       43%         2
 Spider Form              Tmut/Pois      1%         N/A       54%         3
 Stone Arrow              Conj/Erth      6%         3d7       54%         3
 Confusing Touch          Hex            1%         N/A       67%         3
 Conjure Flame            Conj/Fire      1%         6-21      67%         3
 Frozen Ramparts          Ice            2%         1d2       67%         3
 Mephitic Cloud           Conj/Pois/Air  1%         N/A       67%         3
 Ozocubu's Armour         Ice            1%         N/A       67%         3
 Tukima's Dance           Hex            1%         N/A       67%         3
 Petrify                  Tmut/Erth      6%         N/A       80%         4
 Ice Form                 Ice/Tmut       3%         N/A       91%         4
 Hailstorm                Conj/Ice       1%         3d3       97%         4
 Summon Lightning Spire   Summ/Air       1%         N/A       97%         4
 Hydra Form               Tmut           3%         N/A       98%         5
 Lee's Rapid Deconstruct  Erth           3%         3d6*      98%         5
 Alistair's Intoxication  Tmut/Pois      2%         N/A       99%         5
 Yara's Violent Unravell  Hex/Tmut       1%         3d3       99%         5
 Metabolic Englaciation   Hex/Ice        0%         N/A       100%        5
 Silence                  Hex/Air        0%         N/A       100%        5
 Conjure Ball Lightning   Conj/Air       0%         3x3d6     100%        6
 Invisibility             Hex            1%         N/A       100%        6
 Tornado                  Air            0%         N/A       100%        9


Dungeon Overview and Level Annotations

Branches:
Dungeon (15/15)            Temple (1/1) D:6            Lair (6/6) D:10
  Swamp (0/4) Lair:3        Snake (0/4) Lair:3        Slime (0/5) Lair:5
    Orc (2/2) D:12            Elf (0/3) Orc:2        Vaults (0/5) D:13
  Sewer (visited)
 Depths: D:15

Altars:
Ashenzari
Cheibriados
Dithmenos
Elyvilon
Fedhas
Kikubaaqudgha
Okawaru
Qazlal
Ru
Sif Muna
Uskayaw
Wu Jian
Xom
Yredelemnul
The Shining One
Beogh

Shops:
D:1 [*!   D:10 *   Orc:2 ((([

Annotations:
D:3 Terence
D:7 4 runed translucent doors
D:11 2 transporters, Demosthentine's ghost, journeyman MfGl
D:12 2 transporters, exclusion: obsidian statue
D:14 2 transporters
D:15 Roxanne
Lair:1 2 transporters, Jukk's ghost, journeyman DECj
Abyss:1 Eustachio


Innate Abilities, Weirdness & Mutations

You have claws for feet.
You are mostly covered in rugged brown scales. (AC +2, +5% HP)
A meltable shield of frost defends you. (SH +4)
Spells you cast may paralyse nearby enemies.


Message History

Training target 5.0 for Armour reached!
Your Armour skill increases to level 5!
A rime drake comes into view.
The hell rat completely misses you.
Fire: 292 arrows
Press: ? - help, Q - select action, (/) - cycle Shift-Dir - straight line, f/p - rime drake
Aim: a rime drake (almost dead, ally target, 70% to hit)
You shoot an arrow. The rime drake hisses angrily.
The arrow hits the rime drake!
You kill the rime drake!
Fedhas appreciates your contribution to the ecosystem.
The rime drake breathes ice at you. The flash freeze misses you.
The hell rat barely misses you. The hell rat completely misses you.
The komodo dragon completely misses you.
You block the hell rat's attack. The hell rat misses you.
The hell rat closely misses you.
You see here an arrow.
The hell rat completely misses you. The hell rat misses you.
The hell rat bites you but does no damage.
The hell rat completely misses you. x3
A ballistomycete spore comes into view.
A ballistomycete spore comes into view.
A cane toad comes into view.
The hell rat bites your ballistomycete!
Your ballistomycete is destroyed!
A ballistomycete spore comes into view.
Your ballistomycete spore explodes!
The explosion of spores engulfs the hell rat!!!
You kill the hell rat!
Fedhas accepts your kill.
The komodo dragon appears confused.
The explosion of spores engulfs the komodo dragon!!!
The komodo dragon is almost dead.
Your ballistomycete spore explodes!
The explosion of spores engulfs you!!!
You are confused.
You die...
Fedhas appreciates your contribution to the ecosystem.

♣♣♣♣ ♣♣ ♣♣ ♣♣..♣♣♣♣♣♣
♣♣...
.♣♣.♣♣♣.....♣..♣♣.....
.F......*.............
.......@..............
.PP#.#.r.l..(..##.....
## ##P..†...†.# #.P
#.##..rrr.....## #
.##..#.......$†..#..
P..........(..........


PP..................... P...##..k.............. ..# #.................. You
could see a komodo dragon (confused), a cane toad, a rime drake, 4 hell rats and
a friendly ballistomycete spore.

Vanquished Creatures
  Gastronok (Orc:1)
  An orc warlord (Orc:2)
  Erolcha (Orc:1)
  A boulder beetle (D:11)
  A vault guard (D:13)
  5 hydras
  6 two-headed ogres
  2 catoblepae
  2 centaur warriors (D:13)
  Erica (D:11)
  6 orc high priests
  Nergalle (D:11)
  2 bog bodies (Lair:3)
  A necromancer (Lair:5)
  2 deep elf pyromancers (D:14)
  6 cyclopes
  An ugly thing (D:11)
  A manticore (D:11)
  7 elephants
  3 black mambas
  13 cane toads
  Maurice (D:11)
  3 gargoyles
  2 unseen horrors (D:12)
  3 kobold demonologists
  4 rime drakes
  13 komodo dragons
  6 trolls
  Prince Ribbit (D:5)
  2 hornets
  2 polar bears
  17 blink frogs
  A centaur simulacrum (D:14)
  A spriggan (D:12)
  A wraith (D:11)
  A shadow (D:9)
  22 yaks
  2 basilisks
  5 wyverns
  Menkaure (D:5)
  11 vampire mosquitoes
  10 wargs
  11 water moccasins
  2 acid dragons
  Purgy (Sewer)
  18 orc warriors
  2 ice beasts
  5 black bears
  A hornet zombie (D:5)
  4 necrophages
  2 sky beasts
  2 elephant zombies (Lair:5)
  9 ogres
  14 wolves
  10 centaurs
  A phantom (D:5)
  6 kobold brigands
  2 komodo dragon zombies (Lair:5)
  13 bullfrogs
  A gnoll sergeant (D:10)
  A scorpion (D:10)
  A wyvern skeleton (D:6)
  14 killer bees
  5 electric eels (Lair:5)
  7 centaur zombies
  40 orc priests
  3 hounds
  4 jellies
  Crazy Yiuf (D:2)
  5 iguanas
  2 bullfrog skeletons
  8 orc wizards
  A hell rat (Lair:6)
  2 scorpion zombies (D:3)
  A hound zombie (D:3)
  Robin (D:2)
  A howler monkey zombie (D:7)
  6 gnolls
  2 adders
  2 howler monkey skeletons
  A river rat (D:6)
  2 white imps
  2 ufetubi
  An adder skeleton (D:4)
  4 worms
  89 orcs
  12 bats
  5 endoplasms
  3 giant cockroaches
  12 goblins
  12 hobgoblins
  4 jackals (D:4)
  15 kobolds
  13 quokkas
  9 ball pythons
  2 frilled lizards
  A jackal zombie (D:3)
  6 rats
577 creatures vanquished.

Vanquished Creatures (collateral kills)
  The ghost of krigyl the Severer, a journeyman MiMo of Makhleb (D:12)
  A two-headed ogre (D:12)
  A hornet (D:12)
  2 spriggans (D:12)
  An orc warrior (D:9)
  A howler monkey (D:12)
  2 orcs (D:9)
  92 ballistomycete spores
101 creatures vanquished.

Vanquished Creatures (others)
  2 ballistomycete spores
  48 fungi
  120 plants
170 creatures vanquished.

Grand Total: 848 creatures vanquished

Notes
Turn   | Place    | Note
-------+----------+-------------------------------------------
     0 | D:1      | shoop the Demonspawn Hunter began the quest for the Orb.
     0 | D:1      | Reached XP level 1. HP: 16/16 MP: 1/1
   847 | D:1      | Found Novyps's Assorted Antiques.
   855 | D:1      | Gained mutation: You are partially covered in rugged brown
                  | scales. (AC +1, +3% HP) [demonic ancestry]
   855 | D:1      | Reached XP level 2. HP: 11/22 MP: 2/2
   858 | D:1      | Reached skill level 4 in Bows
  1406 | D:1      | Found Zauces's Armour Emporium.
  1613 | D:1      | Found Givaral's Distillery.
  1618 | D:1      | Bought a potion of lignification for 33 gold pieces
  1911 | D:2      | Reached XP level 3. HP: 28/28 MP: 3/3
  2086 | D:2      | Noticed Robin
  2098 | D:2      | Killed Robin
  2716 | D:2      | Found a runed translucent door.
  2717 | D:2      | Noticed Crazy Yiuf
  2723 | D:2      | Learned a level 2 spell: Blink
  2975 | D:2      | Gained mutation: You have sharp toenails. [demonic
                  | ancestry]
  2975 | D:2      | Reached XP level 4. HP: 29/35 MP: 4/4
  3618 | D:3      | Reached skill level 5 in Bows
  3618 | D:3      | Gained mutation: You have razor-sharp toenails. [demonic
                  | ancestry]
  3618 | D:3      | Reached XP level 5. HP: 35/42 MP: 4/6
  3677 | D:3      | Reached skill level 1 in Spellcasting
  3677 | D:3      | Reached skill level 1 in Translocations
  4135 | D:3      | Found a basalt altar of Yredelemnul.
  4301 | D:3      | Found a sacrificial altar of Ru.
  4329 | D:3      | Noticed Terence
  4679 | D:1      | Bought a potion of berserk rage for 55 gold pieces
  4706 | D:1      | Bought a scroll labelled XYADINW XUROLUV for 27 gold pieces
  4706 | D:1      | Bought a scroll labelled BEJITO VUONUNI for 27 gold pieces
  4827 | D:2      | Killed Crazy Yiuf
  5084 | D:4      | Noticed Eustachio
  5094 | D:4      | Banished Eustachio
  5095 | D:4      | Reached XP level 6. HP: 14/49 MP: 6/8
  5786 | D:5      | Entered Level 5 of the Dungeon
  5794 | D:5      | Noticed a water moccasin
  5799 | D:5      | Found a broken altar of Ashenzari.
  5858 | D:5      | Noticed Prince Ribbit
  6023 | D:5      | Killed Prince Ribbit
  6024 | D:5      | Reached skill level 6 in Bows
  6024 | D:5      | Reached skill level 1 in Evocations
  6024 | D:5      | Gained mutation: A meltable shield of frost defends you.
                  | (SH +4) [demonic ancestry]
  6024 | D:5      | Reached XP level 7. HP: 38/55 MP: 8/10
  6236 | D:5      | Identified the +3 hand axe of the Three Seers {antimagic,
                  | rN++ Str+2 Dex-4 Stlth+}
  6276 | D:5      | Noticed Menkaure
  6587 | D:5      | Killed Menkaure
  6588 | D:5      | Reached skill level 7 in Bows
  6588 | D:5      | Reached XP level 8. HP: 32/62 MP: 11/11
  6893 | D:5      | Reached skill level 5 in Fighting
  7274 | D:5      | Reached skill level 8 in Bows
  7485 | D:6      | Found a staircase to the Ecumenical Temple.
  7519 | Temple   | Entered the Ecumenical Temple
  7559 | Temple   | Became a worshipper of Fedhas Madash
  7621 | D:6      | Reached skill level 1 in Invocations
  7911 | D:6      | Reached XP level 9. HP: 47/71 MP: 12/12
  7989 | D:6      | Found a glowing drain.
  7993 | Sewer    | Entered a sewer
  8015 | Sewer    | Reached * piety under Fedhas
  8031 | Sewer    | Noticed Purgy
  8053 | Sewer    | Killed Purgy
  8313 | D:6      | Reached skill level 9 in Bows
  8607 | D:6      | Learned a level 2 spell: Passwall
  8869 | D:7      | Found a shimmering altar of Xom.
  8869 | D:7      | Found an ornate altar of the Wu Jian Council.
  8953 | D:7      | Reached skill level 1 in Transmutations
  8953 | D:7      | Reached skill level 1 in Earth Magic
  9213 | D:7      | Found a huge runed translucent gate.
  9213 | D:7      | Found a huge runed translucent gate.
  9214 | D:7      | Found a huge runed translucent gate.
  9214 | D:7      | Noticed a polar bear
  9214 | D:7      | Noticed a polar bear
  9214 | D:7      | Noticed a polar bear
  9214 | D:7      | Noticed a manticore
  9215 | D:7      | Found a huge runed translucent gate.
  9215 | D:7      | Noticed a polar bear
  9216 | D:7      | Noticed a polar bear
  9760 | D:8      | Reached skill level 5 in Invocations
  9827 | D:8      | Reached ** piety under Fedhas
  9840 | D:8      | Reached skill level 10 in Bows
 10734 | D:8      | Gained mutation: Spells you cast may paralyse adjacent
                  | enemies. [demonic ancestry]
 10734 | D:8      | Reached XP level 10. HP: 78/78 MP: 14/14
 11538 | D:9      | Reached skill level 1 in Armour
 11730 | D:9      | Reached skill level 11 in Bows
 12037 | D:9      | Found a shimmering blue altar of Sif Muna.
 12858 | D:10     | Entered Level 10 of the Dungeon
 12858 | D:10     | Noticed a gargoyle
 12871 | D:10     | Killed a gargoyle
 13008 | D:10     | Reached *** piety under Fedhas
 13407 | D:10     | Found a staircase to the Lair.
 13894 | D:10     | Found a hide-covered altar of Uskayaw.
 13913 | D:10     | Found an iron altar of Okawaru.
 13916 | D:10     | Found an ancient bone altar of Kikubaaqudgha.
 14097 | D:10     | Noticed a two-headed ogre
 14101 | D:10     | Reached skill level 12 in Bows
 14101 | D:10     | Gained mutation: Spells you cast may paralyse nearby
                  | enemies. [demonic ancestry]
 14101 | D:10     | Reached XP level 11. HP: 83/83 MP: 14/17
 14124 | D:10     | Killed a two-headed ogre
 14602 | D:10     | Found Hewo Lor's Assorted Antiques.
 14612 | D:10     | Bought a fuming red potion for 29 gold pieces
 14612 | D:10     | Bought a scroll labelled ROIRUIREAF for 33 gold pieces
 14948 | D:10     | Found a stormy altar of Qazlal.
 15149 | D:11     | Noticed a cyan ugly thing
 15175 | D:11     | Noticed Nergalle
 15175 | D:11     | Noticed Erica
 15187 | D:11     | Killed Erica
 15188 | D:11     | Reached skill level 10 in Invocations
 15188 | D:11     | Killed Nergalle
 15668 | D:11     | Reached skill level 13 in Bows
 15856 | D:11     | Noticed a boulder beetle
 15899 | D:11     | Noticed Maurice
 15912 | D:11     | Killed Maurice
 16298 | D:11     | Noticed Demosthentine's ghost (journeyman MfGl)
 16310 | D:11     | Found a transporter.
 16315 | D:11     | Found a transporter.
 16469 | D:11     | Killed a boulder beetle
 16485 | D:11     | Killed a cyan ugly thing
 16997 | D:12     | Noticed a two-headed ogre
 17063 | D:12     | Identified the +1 robe "Wocur" {*Slow +Blink rF+++ rN+}
 17533 | D:12     | Noticed a two-headed ogre
 17542 | D:12     | Killed a two-headed ogre
 17543 | D:12     | Reached XP level 12. HP: 90/90 MP: 20/20
 17720 | D:12     | Reached **** piety under Fedhas
 17729 | D:12     | Reached skill level 14 in Bows
 18012 | D:12     | Found a transporter.
 18014 | D:12     | Found the ring of Shadows {Umbra +Inv Stlth+}
 18014 | D:12     | Noticed a deep elf annihilator
 18014 | D:12     | Noticed a storm dragon
 18017 | D:12     | Noticed a boulder beetle
 18026 | D:12     | Found a transporter.
 18094 | D:12     | Killed a two-headed ogre
 18500 | D:12     | Noticed a two-headed ogre
 18549 | D:12     | Killed a two-headed ogre
 18676 | D:12     | Found a staircase to the Orcish Mines.
 18867 | D:12     | Found a runed translucent door.
 18870 | D:12     | Identified the +11 trident "Yhyk" {vorpal, rElec Dex-3
                  | Stlth+}
 18870 | D:12     | Noticed krigyl's ghost (journeyman MiMo)
 18919 | D:12     | Noticed a two-headed ogre
 18929 | D:12     | Killed a two-headed ogre
 19575 | D:13     | Noticed a centaur warrior
 19585 | D:13     | Killed a centaur warrior
 20113 | D:13     | Noticed a centaur warrior
 20162 | D:13     | Killed a centaur warrior
 20497 | D:13     | Noticed a vault guard
 20558 | D:13     | Killed a vault guard
 20946 | D:13     | Noticed a two-headed ogre
 20954 | D:13     | Killed a two-headed ogre
 20955 | D:13     | Reached skill level 15 in Bows
 21051 | D:13     | Found a gate to the Vaults.
 21384 | D:14     | Found a transporter.
 21384 | D:14     | Noticed a two-headed ogre
 21386 | D:14     | Noticed a stone giant
 21387 | D:14     | Noticed an orc high priest
 21388 | D:14     | Noticed an orc high priest
 21388 | D:14     | Noticed a two-headed ogre
 21389 | D:14     | Found a transporter.
 21389 | D:14     | Noticed an ettin
 22291 | D:15     | Entered Level 15 of the Dungeon
 22291 | D:15     | Identified Roxanne's Compendium of Moulding
 22291 | D:15     | Noticed Roxanne
 22336 | D:15     | Noticed a boulder beetle
 22756 | Orc:1    | Entered Level 1 of the Orcish Mines
 22756 | Orc:1    | Noticed Erolcha
 22779 | Orc:1    | Killed Erolcha
 22866 | Orc:1    | Noticed Gastronok
 22884 | Orc:1    | Killed Gastronok
 22885 | Orc:1    | Gained mutation: You have claws for feet. [demonic
                  | ancestry]
 22885 | Orc:1    | Reached XP level 13. HP: 63/95 MP: 23/23
 23755 | Orc:2    | Entered Level 2 of the Orcish Mines
 23787 | Orc:2    | Found a staircase to the Elven Halls.
 25874 | Orc:2    | Noticed an orc warlord
 25897 | Orc:2    | Reached skill level 16 in Bows
 25916 | Orc:2    | Killed an orc warlord
 25946 | Orc:2    | Reached ***** piety under Fedhas
 26386 | Orc:2    | Found Ygranary's Antique Weapon Shop.
 26386 | Orc:2    | Found Nummejott's Weapon Emporium.
 26567 | Orc:2    | Found Nuss's Weapon Emporium.
 26757 | Orc:2    | Found Xugiuton's Antique Armour Shop.
 26761 | Orc:2    | Bought a pair of heavily runed gloves for 256 gold pieces
 26761 | Orc:2    | Identified the +1 pair of gloves "Poru" {rF+} (You bought
                  | it in a shop on level 2 of the Orcish Mines)
 26882 | Lair:1   | Entered Level 1 of the Lair of Beasts
 26904 | Lair:1   | Reached skill level 1 in Stealth
 26985 | Lair:1   | Found a transporter.
 26992 | Lair:1   | Noticed Jukk's ghost (journeyman DECj)
 26994 | Lair:1   | Found a transporter.
 27278 | D:12     | Killed krigyl's ghost
 29446 | Lair:2   | Reached skill level 15 in Invocations
 29617 | Lair:2   | Gained mutation: You are mostly covered in rugged brown
                  | scales. (AC +2, +5% HP) [demonic ancestry]
 29617 | Lair:2   | Reached XP level 14. HP: 56/106 MP: 22/25
 31734 | Lair:3   | Found a staircase to the Swamp.
 31888 | Lair:3   | Found a staircase to the Snake Pit.
 33624 | Lair:4   | Reached skill level 17 in Bows
 33654 | Lair:4   | Reached skill level 5 in Evocations
 35557 | Lair:5   | Found a staircase to the Slime Pits.
 36004 | Lair:6   | Entered Level 6 of the Lair of Beasts
 36058 | Lair:6   | Reached skill level 5 in Armour
 36066 | Lair:6   | Killed by an exploding ballistomycete spore... set off by
                  | their pet

Illustrated notes

Levels and vault maps discovered:
D:1:      minmay_arrival_doors, layout_loops_cross, serial_co_window_serial,
          co_window_cross_1, co_window_of_opportunity_a, co_window_corner_a,
          co_window_corner_a, co_window_corner_a, co_window_of_opportunity_c,
          co_window_2corner, co_window_broadway_b, co_window_2corner,
          co_window_of_opportunity_b, co_window_2corner, glass_columns_a,
          glass_columns_b, serial_shops, shop, shop, shop
D:2:      layout_loops_ring, uniq_crazy_yiuf_cottage, uniq_robin
D:3:      layout_basic, nicolae_yredelemnul_corpse_copse, lemuel_tele_altar,
          uniq_terence
D:4:      layout_rooms, uniq_eustachio
D:5:      layout_cave_pools, nicolae_ashenzari_panopticon, serial_bayou,
          serial_bayou_lake_a, serial_bayou_crossing, serial_bayou_lagoon_a,
          serial_bayou_pond_d, uniq_prince_ribbit1, uniq_menkaure
D:6:      layout_loops_ring, minmay_temple_entry_gardened_gates,
          gup_sewer_entry_spiral
D:7:      lemuel_bear_cage, layout_basic, gammafunk_temple_overflow_wave,
          kennysheep_generic_room_2
D:8:      minmay_thinvault, layout_rooms, patterned_corridor
D:9:      layout_stronghold, amcnicky_altar_gilded, elyvilon_altar_1
D:10:     layout_long_grid, grunt_temple_overflow_cloverleaf,
          lemuel_coloured_pillars_altar, due_lair_maze_entry_diamond,
          serial_shops, shop
D:11:     layout_irregular_city, gammafunk_ghost_hive, uniq_nergalle,
          uniq_erica, uniq_maurice
D:12:     gammafunk_sealed_arena, layout_basic, erik_orc_3,
          ebering_ghost_funeral_grove
D:13:     layout_gridville, david_vaults_5, chequers_serial_rivers_micro_c
D:14:     gammafunk_beogh_shrine, layout_gridville
D:15:     grunt_enter_depths_snipers, layout_cave_pods, gauntlet_entry_generic,
          tgw_trog, uniq_jorgrun, uniq_josephine, uniq_roxanne
Temple:   dpeg_chambers_temple
Lair:1:   layout_cave_pods, gammafunk_ghost_arena, serial_bayou_pond_b,
          chequers_serial_rivers_small_a, lemuel_old_faithful
Lair:2:   layout_regular_city, serial_bayou_pond_e, fungi_pond_lemuel,
          wad_woods_06, minmay_lair_oklob_chamber, serial_bayou_shore_b,
          grunt_megastairs_5
Lair:3:   layout_cave_pods, skrybe_swamp_entry_bodies, dummy_snake_entry
Lair:4:   layout_cave_pods, st_stairs_10, serial_bayou_shore_a
Lair:5:   pond_and_an_island_with_a_cottage, layout_big_grid,
          minmay_slime_entry_oklob_enclosed, beast_lair_carwin_3
Lair:6:   evil_forest, layout_small_grid, minmay_lair_drake_nest
Orc:1:    layout_caves, lightli_church_of_beogh, uniq_gastronok, uniq_sonja,
          uniq_erolcha
Orc:2:    st_orc_town, layout_diamond_mine

Skill      XL: |  1  2  3  4  5  6  7  8  9 10 11 12 13 14 |
---------------+-------------------------------------------+-----
Bows           | 4 5 6 7 8 10 12 13 15 16 17 | 17.3
Fighting       | 3 4 6 7 |  7.9
Spellcasting   | 1 2 |  2.0
Translocations | 1 2 3 |  3.0
Evocations     | 1 3 5 |  5.0
Invocations    | 2 6 9 11 13 15 | 15.0
Transmutations | 2 |  2.0
Earth Magic    | 2 |  2.0
Armour         | 2 3 5 |  5.0
Stealth        | 2 |  2.0
Dodging        | 2 4 |  4.9

Action                   |  1- 3 |  4- 6 |  7- 9 | 10-12 | 13-15 || total
-------------------------+-------+-------+-------+-------+-------++-------
Melee: Short sword       |   161 |   114 |       |       |       ||   275
       Kick              |       |    36 |    23 |       |   131 ||   190
       Quarterstaff      |       |    41 |   274 |   227 |   115 ||   657
       Trident           |       |       |       |       |   372 ||   372
 Fire: Shortbow          |    13 |    28 |   135 |   583 |   450 ||  1209
 Cast: Blink             |       |     2 |    10 |    38 |    12 ||    62
Invok: Grow Ballistomyce |       |       |       |     8 |     8 ||    16
       Wall of Briars    |       |       |       |     1 |       ||     1
       Overgrow          |       |       |       |     1 |     1 ||     2
Evoke: Wand              |       |       |       |     3 |     5 ||     8
  Use: Potion            |       |     1 |     1 |     1 |     1 ||     4
       Scroll            |       |       |       |    12 |     4 ||    16
 Stab: Sleeping          |     3 |     3 |     2 |       |     5 ||    13
       Paralysed         |       |       |     1 |       |       ||     1
       Distracted        |       |       |       |     1 |       ||     1
       Petrifying        |       |       |       |       |     1 ||     1
       Confused          |       |       |       |       |     1 ||     1
Armor: Leather armour    |    65 |     6 |    80 |     6 |       ||   157
       Robe              |       |    58 |    23 |       |       ||    81
       Skin              |       |       |     2 |       |       ||     2
       Acid dragon scale |       |       |       |   153 |   176 ||   329
Dodge: Dodged            |    96 |   112 |   292 |   397 |   494 ||  1391
Block: Other             |       |       |    72 |    73 |   128 ||   273

Table legend: (Time is in decaauts)
 A = Elapsed time spent in this place.
 B = Non-inter-level travel time spent in this place.
 C = Inter-level travel time spent in this place.
 D = Time resting spent in this place.
 E = Time spent auto-exploring this place.
 F = Levels seen in this place.
 G = Mean time per level.
                   A        B        C        D        E       F      G
               +--------+--------+--------+--------+--------+-----+--------+
         Total |  36117 |  34134 |   1983 |   4895 |  23322 |  25 | 1444.7 |
       Dungeon |  23125 |  21657 |   1468 |   3506 |  14640 |  15 | 1541.7 |
        Temple |     80 |     40 |     40 |      0 |      0 |   1 |   80.0 |
          Lair |   8784 |   8390 |    394 |    430 |   6693 |   6 | 1464.0 |
  Orcish Mines |   3971 |   3891 |     80 |    958 |   1887 |   2 | 1985.5 |
         Sewer |    154 |    154 |      0 |      0 |    102 |   1 |  154.0 |
               +--------+--------+--------+--------+--------+-----+--------+

Top non-repeatable levels by time:
    D:12: 2981 daAuts
   Orc:2: 2594 daAuts
  Lair:2: 2404 daAuts
     D:9: 2061 daAuts
    D:10: 2016 daAuts
     D:1: 1963 daAuts
    D:11: 1899 daAuts
  Lair:3: 1879 daAuts
     D:2: 1804 daAuts
    D:13: 1692 daAuts
     D:5: 1685 daAuts
  Lair:4: 1674 daAuts
  Lair:1: 1626 daAuts
     D:8: 1537 daAuts
    D:14: 1395 daAuts
